 Dungeon Crawl Stone Soup version 0.30-a0-722-g3e6e8c874d (webtiles) character file.

Game seed: 7919209828366121172

380 Dittersdorf the Covered (level 6, -4/40 HPs)
             Began as a Gargoyle Fighter on Jan 27, 2023.
             Slain by an ogre
             ... wielding a +0 giant club
              (20 damage)
             ... on level 3 of the Dungeon.
             The game lasted 00:03:33 (2281 turns).

Dittersdorf the Covered (Gargoyle Fighter)          Turns: 2281, Time: 00:03:34

Health: -4/40      AC: 12    Str: 28    XL:     6   Next: 75%
Magic:  6/6        EV:  9    Int:  8    God:
Gold:   230        SH:  4    Dex:  9    Spells: 5/5 levels left

rFire   . . .      SeeInvis .    a - +0 flail
rCold   . . .      Faith    .    c - +0 buckler
rNeg    + . .      Spirit   .    b - +0 scale mail
rPois   ∞          Reflect  .    (no helmet)
rElec   +          Harm     .    (no cloak)
rCorr   .          Rampage  .    (no gloves)
Will    .....                    f - +0 pair of boots Stlth
                                 t - amulet of magic regeneration
HPRegen 0.26/turn                k - +6 ring of strength
MPRegen 0.50/turn                (no ring)

@: no status effects
A: sickness immunity, AC +4, negative energy resistance 1, electricity
resistance, torment resistance 1, petrification resistance
a: no special abilities


You were on level 3 of the Dungeon.
You visited 1 branch of the dungeon, and saw 4 of its levels.

You collected 230 gold pieces.

Inventory:

Hand Weapons
 a - a +0 flail (weapon)
Missiles
 e - 5 poisoned darts (quivered)
Armour
 b - a +0 scale mail (worn)
 c - a +0 buckler (worn)
 f - a +0 pair of boots (worn)
Jewellery
 k - a +6 ring of strength (left hand)
 t - an amulet of magic regeneration (around neck)
Wands
 u - a wand of quicksilver (8)
Scrolls
 g - a scroll of magic mapping
 h - a scroll of poison {unknown}
 j - a scroll of silence {unknown}
 m - a scroll of enchant weapon {unknown}
 n - a scroll of blinking {unknown}
Potions
 d - 2 potions of might
 i - a potion of haste
 l - 2 potions of heal wounds
 o - a potion of flight
 r - a potion of curing


   Skills:
 + Level 4.9 Fighting
 + Level 3.8 Maces & Flails
 + Level 4.9 Armour
 + Level 4.9 Shields


You had 5 spell levels left.
You didn't know any spells.
Your spell library was empty.

Dungeon Overview and Level Annotations

Branches:
Dungeon (4/15)
 Temple: D:4-7

Altars:
Cheibriados
Makhleb
Zin


Innate Abilities, Weirdness & Mutations

You are immune to sickness and miasma.
Your stone body is resilient. (AC +4)
You are immune to poison.
You resist negative energy. (rN+)
You are resistant to electric shocks. (rElec)
You are resistant to unholy torment.
You are immune to petrification.


Message History

You climb downwards.
The jackal barely misses you. The ogre misses you.
The jackal bites you but does no damage.
There is a stone staircase leading up here.
Things that are here:
a potion of lignification; a potion of degeneration The jackal barely misses you.
The ogre misses you.
You climb upwards.
There is a stone staircase leading down here.
The jackal attacks as you move away! The jackal bites you.
The jackal bites you but does no damage.
The jackal bites you but does no damage.
The jackal attacks as you move away! You block the jackal's attack.
The jackal attacks as you move away!
The jackal bites you but does no damage.
The jackal attacks as you move away!
The jackal bites you but does no damage. x2
The jackal attacks as you move away! The jackal closely misses you. x2
The jackal attacks as you move away! The jackal barely misses you.
The jackal barely misses you.
The jackal bites you but does no damage.
You thump the jackal!
You kill the jackal!
You sock the ogre!
The ogre is moderately wounded.
You block the ogre's attack.
You thump the ogre!
The ogre is heavily wounded.
You block the ogre's attack.
You thump the ogre!
The ogre is almost dead.
The ogre hits you with a +0 giant club!!
Ouch! That really hurt!
You hit the ogre.
The ogre is almost dead.
The ogre closely misses you.
You barely miss the ogre.
The ogre is almost dead.
The ogre hits you with a +0 giant club!!
Ouch! That really hurt!
You die...

##.#.###.##.........#
#.............######
#........###..#
#..##.....##..#
#..##.....##..###
##..##.....##....#
..........###..#.#
##..###........#O#
##..# ##.#.#.#.#@###
....# #>.###......#
##..# #.## ##...#.#
....####..###..###.#
##....†....#...# #.#
##..####.#..#..###.#
....# #...<.......#
##.## ###..#....###
#.# #..#.##.#


You could see an ogre.

Vanquished Creatures
  Grinder (D:3)
  Natasha (thrice) (D:3)
  6 adders
  2 worms (D:3)
  A dart slug (D:1)
  An orc (D:3)
  4 bats
  2 endoplasms
  2 giant cockroaches (D:2)
  2 goblins
  4 hobgoblins
  4 jackals (D:3)
  3 kobolds
  A quokka (D:1)
  4 ball pythons
  5 frilled lizards
  7 rats
52 creatures vanquished.

Notes
Turn   | Place    | Note
-------+----------+-------------------------------------------
     0 | D:1      | Dittersdorf the Gargoyle Fighter began the quest for the
                  | Orb.
     0 | D:1      | Reached XP level 1. HP: 14/14 MP: 1/1
   206 | D:1      | Reached XP level 2. HP: 19/19 MP: 2/2
   719 | D:2      | Reached XP level 3. HP: 21/24 MP: 3/3
  1301 | D:3      | Reached XP level 4. HP: 27/29 MP: 4/4
  1314 | D:3      | Found a burning altar of Makhleb.
  1450 | D:3      | Noticed Natasha
  1465 | D:3      | Killed Natasha
  1552 | D:3      | Found a glowing silver altar of Zin.
  1620 | D:3      | Reached XP level 5. HP: 33/33 MP: 5/5
  1695 | D:3      | Found a snail-covered altar of Cheibriados.
  1740 | D:3      | Noticed Grinder
  1764 | D:3      | Paralysed by Grinder for 5 turns
  1779 | D:3      | Killed Grinder
  1780 | D:3      | Reached XP level 6. HP: 29/39 MP: 6/6
  1881 | D:3      | Noticed Natasha
  1891 | D:3      | Killed Natasha
  2039 | D:3      | Found a snail-covered altar of Cheibriados.
  2059 | D:3      | Noticed Natasha
  2061 | D:3      | Found a glowing silver altar of Zin.
  2065 | D:3      | Killed Natasha
  2281 | D:3      | Slain by an ogre

Illustrated notes

Levels and vault maps discovered:
D:1:      dpeg_arrival_shelter, layout_basic
D:2:      layout_loops_ring, nicolae_figureground_pulse
D:3:      layout_loops_ring, lemuel_doored_altar, zin_statuary,
          amcnicky_altar_gilded, minmay_distorted, uniq_natasha, uniq_grinder
D:4:      layout_layer_cave

Skill      XL: |  1  2  3  4 |
---------------+-------------+-----
Shields        | 4 |  4.9
Fighting       | 4 |  4.9
Armour         | 4 |  4.9
Maces & Flails | 3 |  3.8

Action                     |  1- 3 |  4- 6 || total
---------------------------+-------+-------++-------
  Melee: Flail             |    93 |   107 ||   200
  Throw: Dart              |       |     5 ||     5
    Use: Scroll            |       |     7 ||     7
 Armour: Scale mail        |    65 |    72 ||   137
  Dodge: Dodged            |    36 |    60 ||    96
  Block: Buckler           |    24 |    20 ||    44

Table legend: (Time is in decaauts)
 A = Elapsed time spent in this place.
 B = Non-inter-level travel time spent in this place.
 C = Inter-level travel time spent in this place.
 D = Time resting spent in this place.
 E = Time spent auto-exploring this place.
 F = Levels seen in this place.
 G = Mean time per level.
                   A        B        C        D        E       F      G
               +--------+--------+--------+--------+--------+-----+--------+
         Total |   2348 |   2263 |     85 |    171 |   1549 |   4 |  587.0 |
       Dungeon |   2348 |   2263 |     85 |    171 |   1549 |   4 |  587.0 |
               +--------+--------+--------+--------+--------+-----+--------+

Top non-repeatable levels by time:
     D:3: 1090 daAuts
     D:1: 622 daAuts
     D:2: 581 daAuts
     D:4: 53 daAuts
